 Dungeon Crawl Stone Soup version 0.20-a0-263-g81abdfb (webtiles) character file.

49 yukitheduck the Chiller (level 3, -10/26 HPs)
             Began as a Minotaur Ice Elementalist on Dec 4, 2016.
             Mangled by a worm (11 damage)
             ... on level 3 of the Dungeon.
             The game lasted 00:06:30 (1724 turns).

yukitheduck the Chiller (Minotaur Ice Elementalist) Turns: 1724, Time: 00:06:30

Health: -10/26     AC:  2    Str: 12    XL:     3   Next: 51%
Magic:  0/4        EV: 12    Int: 13    God:
Gold:   93         SH:  0    Dex: 10    Spells: 1/4 levels left

rFire  . . .     SeeInvis .     (no weapon)
rCold  . . .     Gourm    .     a - +0 robe
rNeg   . . .     Faith    .     (no shield)
rPois  .         Spirit   .     (helmet restricted)
rElec  .         Reflect  .     (no cloak)
rCorr  .         Harm     .     (no gloves)
MR     .....                    (no boots)
Stlth  ++........               (no amulet)
                                (no ring)
                                (no ring)

@: no status effects
A: retaliatory headbutt, horns 2
a: no special abilities


You were on level 3 of the Dungeon.
You were not hungry.

You visited 1 branch of the dungeon, and saw 3 of its levels.

You collected 93 gold pieces.

Inventory:

Armour
 a - a +0 robe (worn)
Scrolls
 e - a scroll of teleportation {unknown}
 f - 3 scrolls of identify {unknown}
 g - a scroll of noise {unknown}
 h - a scroll of magic mapping {unknown}
Potions
 i - 2 potions of beneficial mutation {unknown}
 j - a potion of heal wounds {unknown}
Books
 b - a book of Frost

   Spells                             Type                      Level
   a - Freeze                         Ice                          1
   b - Throw Frost                    Conjuration/Ice              2
   c - Ozocubu's Armour               Charms/Ice                   3
   d - Throw Icicle                   Conjuration/Ice              4
   e - Summon Ice Beast               Ice/Summoning                4
Comestibles
 c - 2 bread rations
 d - a chunk of flesh


   Skills:
 - Level 2.1 Dodging
 - Level 1.5 Stealth
 - Level 1.3 Spellcasting
 - Level 0.6 Conjurations
 + Level 3.4 Ice Magic


You had one spell level left.
You knew the following spells:

 Your Spells              Type           Power        Failure   Level  Hunger
a - Freeze                Ice            #...         10%         1    ##.....
b - Throw Frost           Conj/Ice       #.....       21%         2    ###....


Dungeon Overview and Level Annotations

Branches:
Dungeon (3/15)

Altars:


Innate Abilities, Weirdness & Mutations

You reflexively headbutt those who attack you in melee.
You have a pair of horns on your head.


Message History

The worm is moderately wounded.
The worm bites you!
You barely miss the worm.
The worm is moderately wounded.
You barely miss the worm.
The worm is moderately wounded.
The worm bites you!
* * * LOW HITPOINT WARNING * * *
You are too injured to fight recklessly!
Casting: Freeze
Confirm with . or Enter, or press ? or * to list all spells.
Aiming: Freeze
Press: ? - help, Shift-Dir - straight line, f/p - worm
Aim: a worm (lightly wounded)
You freeze the worm.
The worm is heavily wounded.
You hit the worm.
The worm is severely wounded.
The worm bites you!
You die...

#.. ..# #.. !..
#.. ..### ..
..#(. .#. ♣.♣.#
######.# #.#.#
♣......♣#♣.♣.#
♣...$.....#.#
♣♣♣#@#♣#♣.♣.#
♣.w..##.#.####
♣♣>...♣.♣....##
♣.#.##.......#
♣.#.####.##..#
#.#.# ##.##..#
# #.# #
#...#..##.##
#?#
#...........
#...#..##.##


You could see a worm.

Vanquished Creatures
  2 adders (D:3)
  A dart slug (D:1)
  A leopard gecko (D:2)
  A ball python (D:1)
  4 bats (D:2)
  3 giant cockroaches
  4 goblins (D:2)
  2 hobgoblins (D:1)
  A kobold (D:1)
  4 frilled lizards
  3 rats
26 creatures vanquished.

Notes
Turn   | Place    | Note
-------+----------+-------------------------------------------
     0 | D:1      | yukitheduck the Minotaur Ice Elementalist began the quest for the Orb.
     0 | D:1      | Reached XP level 1. HP: 14/14 MP: 1/1
   505 | D:1      | Reached XP level 2. HP: 20/20 MP: 0/3
   512 | D:1      | Learned a level 2 spell: Throw Frost
  1209 | D:2      | Reached skill level 3 in Ice Magic
  1619 | D:3      | Reached XP level 3. HP: 26/26 MP: 0/4
  1722 | D:3      | HP: 1/26 [worm (11)]
  1724 | D:3      | Mangled by a worm

Vault maps used:
D:1:      dpeg_arrival_houses_and_road
D:3:      serial_forest, infiniplex_forest_lined_3_way,
          infiniplex_forest_clump_diagonal, infiniplex_forest_clump_tiny,
          infiniplex_forest_straight_4, infiniplex_forest_lined_corner,
          infiniplex_forest_straight_4, infiniplex_forest_end_3, roderic_batcave

Skill      XL: |  1  2 |
---------------+-------+-----
Ice Magic      | 3 |  3.4
Dodging        | |  2.1
Stealth        | |  1.5
Spellcasting   | |  1.3
Conjurations   | |  0.6

Action                   || total
-------------------------++-------
Melee: Unarmed           ||    28
       Headbutt          ||     3
 Cast: Freeze            ||    37
  Eat: Chunk             ||     4
Armor: Robe              ||    11
Dodge: Dodged            ||    38
